[Event "Late-Titled-Tuesday-Blitz-August-29-2023"]
[Site "Chess.com"]
[Date "2023.08.29"]
[Round "10"]
[White "Goryachkina"]
[Black "alexrustemov"]
[Result "1-0"]
[WhiteElo "2662"]
[BlackElo "2864"]
[TimeControl "180+1"]
[EndTime "15:55:33 PDT"]
[Termination "Goryachkina won by checkmate"]

1. e4 e6 2. d4 d5 3. Nc3 dxe4 4. Nxe4 Bd7 5. Nf3 Bc6 6. Bd3 Nd7 7. O-O Ngf6 8. Ng3 Be7 9. b3 O-O 10. Bb2 b6 11. c4 Bb7 12. Qe2 c5 13. Rad1 Re8 14.
Bb1 Qc7 15. dxc5 bxc5 16. Ne5 Rad8 17. f4 Bf8 18. Nxd7 Nxd7 19. Qh5 g6 20. Qe2 Bg7 21. Bxg7 Kxg7 22. Be4 Bxe4 23. Nxe4 h6 24. Qb2+ Kg8 25. Rxd7 Rxd7 26. Nf6+ Kf8 27. Nxe8 Kxe8 28. Qh8+ Ke7 29.
Qxh6 Qd6 30. Qg5+ Ke8 31. h3 a5 32. Kh2 Kf8 33. Re1 Kg8 34. Re5 Rc7 35. Qg3 Kg7 36. Qe3 a4 37. bxa4 Ra7 38. Qxc5 Qxc5 39.
Rxc5 Rxa4 40. Rc8 Rxa2 41. c5 Rc2 42. c6 Rc3 43. Kg1 Rc2 44. Kf1 Kh7 45. h4 f5 46.
g3 Kh6 47. c7 Kg7 48. Ke1 Rc6 49. Kd2 Rc5 50. Kd3 Rc1 51. Kd4 Rd1+ 52. Kc5 Rc1+ 53. Kd6 Rd1+ 54. Ke7 Rc1 55. Ke8 Rc5 56. Ke7 Rc1 57.
Kxe6 Re1+ 58. Kd7 Rd1+ 59. Ke7 Re1+ 60. Kd6 Rd1+ 61. Ke5 Re1+ 62. Kd5 Rd1+ 63. Kc4 Rc1+ 64. Kd4 Rd1+ 65. Ke3 Rc1 66. h5 gxh5 67. Kd4 Re1 68. Rd8 Rd1+ 69. Ke5 Re1+ 70. Kxf5 Re7 71. c8=Q Rf7+ 72. Ke4 Re7+ 73. Kf3 Rf7 74. Qc3+ Kg6 75.
Rd6+ Kh7 76. Qd3+ Kg7 77. Rd7 Rxd7 78. Qxd7+ Kf6 79. Qd6+ Kg7 80. Qe5+ Kg6 81. Qg5+ Kf7 82. Qxh5+ Kf6 83. Qg5+ Ke6 84. f5+ Kd6 85. f6 Ke6 86. Qg7 Kf5 87. f7 Ke6 88. Qg6+ Kd5 89. Qf5+ Kd4 90. f8=Q Kc3 91. Qd6 Kb2 92. Qfc5 Ka2 93. Qdc6 Ka1 94. Q5b5 Ka2 95. Qca6# 1-0

[Event "Late-Titled-Tuesday-Blitz-August-29-2023"]
[Site "Chess.com"]
[Date "2023.08.29"]
[Round "10"]
[White "Kleyton_Lima"]
[Black "Ajedrecista3000"]
[Result "1/2-1/2"]
[WhiteElo "2552"]
[BlackElo "2701"]
[TimeControl "180+1"]
[EndTime "15:55:47 PDT"]
[Termination "Game drawn by 50-move rule"]

1. d4 Nf6 2. c4 g6 3. Nc3 d5 4. cxd5 Nxd5 5. Bd2 c5 6. Rc1 Nc6 7. dxc5 Bg7 8. Nf3 Nxc3 9. Bxc3 Bxc3+ 10. Rxc3 Qxd1+ 11.
Kxd1 Be6 12. a3 O-O 13. e3 Rfd8+ 14. Bd3 Bd5 15. Ke2 f5 16. Rd1 Kg7 17. Bc4 Bxf3+ 18. gxf3 Rxd1 19. Kxd1 Rd8+ 20. Ke2 Ne5 21. b4 g5 22. a4 g4 23. fxg4 fxg4 24. b5 Nf3 25.
Rd3 Rc8 26. Bd5 Nxh2 27. c6 bxc6 28. bxc6 Kf6 29. Rb3 Nf3 30. Rb7 h5 31. Rxa7 h4 32. c7 Ne5 33. Ra6+ Kg7 34. Ra7 Kf6 35. f4 gxf3+ 36. Bxf3 h3 37. Be4 h2 38. Ra6+ Kg7 39. Re6 Nf7 40. Rxe7 Kf6 41. Rd7 Ke6 42. Rd5 Rxc7 43.
Rh5 Ra7 44. Rxh2 Rxa4 45. Kf3 Ng5+ 46. Kf4 Nxe4 47. Rh6+ Nf6+ 48. Kf3 Kf5 49. Rh8 Ra3 50. Rf8 Ke5 51. Rb8 Nd5 52. Rb5 Rxe3+ 53. Kf2 Rd3 54.
Rb8 Rd4 55. Ke2 Nf4+ 56. Ke3 Nd5+ 57. Ke2 Nf6 58. Rh8 Rg4 59. Ra8 Rg3 60. Ra5+ Nd5 61. Ra8 Kd4 62. Ra4+ Ke5 63. Kf2 Rb3 64. Ra8 Nf4 65.
Rh8 Ke4 66. Re8+ Kf5 67. Rh8 Rb2+ 68. Kf3 Rb3+ 69. Kf2 Ne6 70. Ra8 Ng5 71. Ra5+ Kf4 72. Ke2 Ne4 73. Ra8 Re3+ 74. Kd1 Rg3 75. Rf8+ Ke3 76. Kc2 Rg5 77. Kb3 Rc5 78. Rh8 Rc6 79. Rh3+ Kd4 80. Rh4 Kd3 81. Rh3+ Kd4 82. Rh4 Rb6+ 83.
Kc2 Ra6 84. Rh8 Ra2+ 85. Kb3 Ra6 86. Rd8+ Ke3 87. Re8 Kd3 88. Rd8+ Nd6 89. Re8 Kd4 90. Rh8 Rb6+ 91. Kc2 Nc4 92. Rh4+ Kc5 93. Kc3 Nd6 94.
Rh5+ Kc6 95. Rh6 Kd5 96. Rh5+ Ke6 97. Rh6+ Ke5 98. Kd3 Rb5 99. Rh5+ Nf5 100. Rh8 Rb3+ 101. Kc4 Rb7 102. Re8+ Kd6 1/2-1/2

[Event "Late-Titled-Tuesday-Blitz-August-29-2023"]
[Site "Chess.com"]
[Date "2023.08.29"]
[Round "11"]
[White "jinxy2009"]
[Black "gordonzyxu"]
[Result "0-1"]
[WhiteElo "2337"]
[BlackElo "2161"]
[TimeControl "180+1"]
[EndTime "15:57:44 PDT"]
[Termination "gordonzyxu won by resignation"]

1. e4 e5 2. Nf3 Nf6 3. d4 Nxe4 4. Bd3 Nc6 5. Nxe5 Nxe5 6. dxe5 Nc5 7. O-O Be7 8. Nc3 O-O 9. Be3 Nxd3 10. Qxd3 d6 11. exd6 Qxd6 12. Rad1 Qxd3 13. Rxd3 Bf5 14. Rfd1 Bxd3 15.
Rxd3 Rfd8 16. Rxd8+ Rxd8 17. Kf1 Bf6 18. Ke2 Bxc3 19.
bxc3 Rd5 0-1

[Event "Late-Titled-Tuesday-Blitz-August-29-2023"]
[Site "Chess.com"]
[Date "2023.08.29"]
[Round "11"]
[White "SEBAZZANO"]
[Black "Bala-Afiada"]
[Result "1-0"]
[WhiteElo "2215"]
[BlackElo "1994"]
[TimeControl "180+1"]
[EndTime "15:57:56 PDT"]
[Termination "SEBAZZANO won by resignation"]

1. d4 d5 2. Bf4 Nf6 3. e3 c5 4. c3 Nc6 5. Nd2 Qb6 6. Qb3 c4 7. Qc2 Bf5 8. Qxf5 Qxb2 9. Qb1 Qxc3 10. Ne2 Qa5 11. Qxb7 1-0

[Event "Late-Titled-Tuesday-Blitz-August-29-2023"]
[Site "Chess.com"]
[Date "2023.08.29"]
[Round "11"]
[White "rochaaaaaaaaaa"]
[Black "scandalgod"]
[Result "0-1"]
[WhiteElo "2263"]
[BlackElo "2494"]
[TimeControl "180+1"]
[EndTime "15:58:25 PDT"]
[Termination "scandalgod won by resignation"]

1. e4 e5 2. Nf3 Nc6 3. Bc4 Nf6 4. d3 Be7 5. O-O O-O 6. Nc3 d6 7. a4 Bg4 8. h3 Bh5 9. Be3 Kh8 10. Ne2 Qd7 11. Ng3 Bg6 12. a5 a6 13. c3 d5 14.
exd5 Nxd5 15. Qe2 Rfe8 16. Rfe1 h6 17. Rad1 f5 18. d4 e4 19. Nh4 Bxh4 0-1

[Event "Late-Titled-Tuesday-Blitz-August-29-2023"]
[Site "Chess.com"]
[Date "2023.08.29"]
[Round "11"]
[White "ilya2700"]
[Black "S-Fazulyanov"]
[Result "0-1"]
[WhiteElo "2138"]
[BlackElo "2527"]
[TimeControl "180+1"]
[EndTime "15:58:31 PDT"]
[Termination "S-Fazulyanov won by resignation"]

1. c4 e5 2. Nc3 Nc6 3. Nf3 g6 4. d3 Bg7 5. h4 h6 6. e4 Nge7 7. h5 g5 8. Be3 d6 9. Rb1 Bg4 10.
Be2 a5 11. a3 Qd7 12. b4 axb4 13.
axb4 f5 14. exf5 Nxf5 15. Nxe5 Bxe5 16. Bxg4 Bxc3+ 17. Kf1 O-O 18. c5 Nxe3+ 0-1

[Event "Late-Titled-Tuesday-Blitz-August-29-2023"]
[Site "Chess.com"]
[Date "2023.08.29"]
[Round "11"]
[White "Masterisback04"]
[Black "maurovargas01"]
[Result "1-0"]
[WhiteElo "1761"]
[BlackElo "1867"]
[TimeControl "180+1"]
[EndTime "15:58:33 PDT"]
[Termination "Masterisback04 won by checkmate"]

1. e4 d5 2. exd5 Qxd5 3. Nc3 Qa5 4. d4 c6 5. Nf3 Nf6 6. g4 Bxg4 7. Rg1 Qh5 8. Be2 Nbd7 9. Bf4 e6 10. Qd3 O-O-O 11. O-O-O Be7 12. h3 Bf5 13. Qc4 Nd5 14. Qxc6+ bxc6 15. Ba6# 1-0

[Event "Late-Titled-Tuesday-Blitz-August-29-2023"]
[Site "Chess.com"]
[Date "2023.08.29"]
[Round "11"]
[White "Eloist"]
[Black "IngOscarArdila"]
[Result "0-1"]
[WhiteElo "2442"]
[BlackElo "2330"]
[TimeControl "180+1"]
[EndTime "15:58:48 PDT"]
[Termination "IngOscarArdila won by resignation"]

1. e4 e5 2. Nf3 Nf6 3. Nxe5 d6 4. Nf3 Nxe4 5. Nc3 Nxc3 6. dxc3 Be7 7. Bd3 O-O 8. Bf4 Nd7 9. Qd2 Nf6 10. O-O-O c5 11. c4 b5 12. cxb5 a6 13. bxa6 Bxa6 14. Bxa6 Rxa6 15.
Kb1 Qb6 16. c4 Rfa8 17. Rhe1 Rxa2 18. Rxe7 Qb3 19. Re8+ Nxe8 0-1

[Event "Late-Titled-Tuesday-Blitz-August-29-2023"]
[Site "Chess.com"]
[Date "2023.08.29"]
[Round "11"]
[White "Chemim21"]
[Black "garfield_pg"]
[Result "0-1"]
[WhiteElo "2281"]
[BlackElo "2387"]
[TimeControl "180+1"]
[EndTime "15:59:09 PDT"]
[Termination "garfield_pg won by resignation"]

1. d4 d5 2. Bg5 f6 3. Bh4 Nh6 4.
e3 Nf5 5. Bg3 h5 6. Bd3 h4 7.
Bf4 g5 8. Qg4 e6 9. h3 gxf4 10.
Qg6+ Ke7 11. Bxf5 exf5 12. exf4 Rh6 13. Qg8 Be6 0-1

[Event "Late-Titled-Tuesday-Blitz-August-29-2023"]
[Site "Chess.com"]
[Date "2023.08.29"]
[Round "11"]
[White "DeTimmerman"]
[Black "Arystanner"]
[Result "0-1"]
[WhiteElo "2674"]
[BlackElo "2866"]
[TimeControl "180+1"]
[EndTime "15:59:52 PDT"]
[Termination "Arystanner won by resignation"]

1. b4 e5 2. Bb2 Bxb4 3. Bxe5 Nf6 4. Nc3 O-O 5. Bxf6 Qxf6 6. Nd5 Qd6 7. c4 Ba5 8. e3 c6 9. Nf4 Qf6 10. Nf3 d6 11.
Be2 Bf5 12. Nh5 Qh6 13. Ng3 Be6 14. O-O Nd7 15. d4 Rfe8 16. d5 cxd5 17. cxd5 Bg4 18. Qa4 Bxf3 19. Bxf3 Bc3 20. Rac1 Nc5 21. Qb5 Be5 22. Rc4 a6 23. Qb1 b5 24. Rg4 Bxg3 25. hxg3 Qf6 26. Rd1 Rac8 27. Rdd4 Nd7 28. Rh4 g6 29.
Rhf4 Qg7 30. a4 Rb8 31. axb5 axb5 32. Bg4 Ne5 33. Be2 f5 34. Rc4 bxc4 0-1

[Event "Late-Titled-Tuesday-Blitz-August-29-2023"]
[Site "Chess.com"]
[Date "2023.08.29"]
[Round "11"]
[White "Schwindle"]
[Black "Cluke86"]
[Result "1-0"]
[WhiteElo "2402"]
[BlackElo "2283"]
[TimeControl "180+1"]
[EndTime "15:59:53 PDT"]
[Termination "Schwindle won by checkmate"]

1. e4 e5 2. d4 exd4 3. c3 d3 4.
Bxd3 Nf6 5. Nf3 d5 6. e5 Ne4 7. Nbd2 Nc5 8. Bc2 Be7 9. h3 O-O 10. O-O Be6 11. Nb3 Nxb3 12. axb3 c6 13. Nd4 Nd7 14.
f4 Nc5 15. f5 Bc8 16. f6 gxf6 17. Qh5 Ne4 18. Bh6 Re8 19. Rad1 fxe5 20. Qxf7+ Kh8 21. Qg7# 1-0

[Event "Late-Titled-Tuesday-Blitz-August-29-2023"]
[Site "Chess.com"]
[Date "2023.08.29"]
[Round "11"]
[White "Young_Catalan_Player09"]
[Black "Petukhov_Dmitry"]
[Result "0-1"]
[WhiteElo "2442"]
[BlackElo "2522"]
[TimeControl "180+1"]
[EndTime "15:59:55 PDT"]
[Termination "Petukhov_Dmitry won by resignation"]

1. d4 Nf6 2. Nf3 g6 3. Bf4 Bg7 4. e3 O-O 5. h3 d6 6. Be2 Ne4 7.
Nbd2 Nxd2 8. Qxd2 c5 9. O-O-O cxd4 10. exd4 Nc6 11. Bh6 Bf5 12. Bxg7 Kxg7 13. Bd3 Bxd3 14. Qxd3 Nb4 15. Qb3 Qa5 16. a3 Nd5 17. Rhe1 Rac8 18. Kb1 Rc6 19. Ka1 Rfc8 20. Rc1 Rb6 21. Qd3 Rc3 22.
Qe4 Rxa3+ 0-1

[Event "Late-Titled-Tuesday-Blitz-August-29-2023"]
[Site "Chess.com"]
[Date "2023.08.29"]
[Round "11"]
[White "wild3000"]
[Black "ritanovikova"]
[Result "1-0"]
[WhiteElo "2296"]
[BlackElo "2157"]
[TimeControl "180+1"]
[EndTime "15:59:58 PDT"]
[Termination "wild3000 won by checkmate"]

1. c4 c5 2. h4 Nc6 3. h5 d6 4. Nf3 h6 5. d4 cxd4 6. Nxd4 Nxd4 7. Qxd4 Nf6 8. Nc3 a6 9. e4 Bg4 10. e5 dxe5 11. Qxe5 e6 12. f3 Bd6 13. Qe3 Bg3+ 14.
Ke2 Bxh5 15. Ne4 Bg6 16. Bd2 Bc7 17. Nxf6+ Qxf6 18. Bc3 Qf5 19. Rd1 O-O 20. g4 Qc2+ 21.
Rd2 Qa4 22. b3 Qc6 23. Bxg7 Kxg7 24. Qxh6+ Kf6 25. Qh4+ Ke5 26. Qg5+ Bf5 27. f4+ Ke4 28. Bg2# 1-0

[Event "Late-Titled-Tuesday-Blitz-August-29-2023"]
[Site "Chess.com"]
[Date "2023.08.29"]
[Round "11"]
[White "DishonorOnYourCow"]
[Black "lamomiajunior"]
[Result "0-1"]
[WhiteElo "2552"]
[BlackElo "2727"]
[TimeControl "180+1"]
[EndTime "15:59:59 PDT"]
[Termination "lamomiajunior won by resignation"]

1. d4 Nf6 2. c4 e6 3. Nf3 d5 4. Nc3 Bb4 5. cxd5 exd5 6. Bg5 h6 7.
Bxf6 Qxf6 8. Rc1 c6 9. e3 O-O 10. Bd3 Re8 11. h3 Bd6 12. O-O Bf5 13. Bxf5 Qxf5 14. Na4 Nd7 15. Nc5 Nxc5 16. dxc5 Bc7 17. Nd4 Qf6 18. Qf3 Qe5 19. g3 g6 20. h4 h5 21. b4 a6 22. a4 Kg7 23. b5 axb5 24.
axb5 Ra3 25. bxc6 Qxd4 26. cxb7 Qe5 27. Rfd1 d4 28. Rxd4 Qxd4 29. Qc6 Qe5 30. Re1 Rc3 31. f4 Qe7 32. f5 gxf5 33. Qf3 Rxe3 0-1

[Event "Late-Titled-Tuesday-Blitz-August-29-2023"]
[Site "Chess.com"]
[Date "2023.08.29"]
[Round "11"]
[White "Anton_Demchenko"]
[Black "Ramosha"]
[Result "1-0"]
[WhiteElo "2914"]
[BlackElo "2655"]
[TimeControl "180+1"]
[EndTime "16:00:02 PDT"]
[Termination "Anton_Demchenko won by resignation"]

1. e4 c6 2. d4 d5 3. e5 Bf5 4. Bd3 Bxd3 5. Qxd3 e6 6. c3 Ne7 7. Ne2 h5 8. O-O Nf5 9. Nd2 Nd7 10. Nf3 Be7 11.
Ng3 g6 12. Nxf5 gxf5 13. Bf4 Qb6 14. b3 O-O-O 15. Bg5 Bxg5 16. Nxg5 Rdf8 17. h4 Qd8 18. g3 Qe7 19. c4 Rhg8 20. cxd5 cxd5 21. Rac1+ Kb8 22. Qc2 Rc8 23. Qe2 Qb4 24. Rxc8+ Rxc8 25. Rd1 f6 26. exf6 Nxf6 27. Qe5+ 1-0

[Event "Late-Titled-Tuesday-Blitz-August-29-2023"]
[Site "Chess.com"]
[Date "2023.08.29"]
[Round "11"]
[White "Fleetw00dMac"]
[Black "TC2304"]
[Result "1-0"]
[WhiteElo "2467"]
[BlackElo "2404"]
[TimeControl "180+1"]
[EndTime "16:00:02 PDT"]
[Termination "Fleetw00dMac won by resignation"]

1. d4 d5 2. c4 c6 3. cxd5 cxd5 4. Bf4 Nf6 5. Nc3 a6 6. e3 Nc6 7. Rc1 e6 8. Bd3 Bd6 9. Bxd6 Qxd6 10. f4 Bd7 11.
Nf3 b5 12. O-O b4 13. Na4 Ne4 14. Bxe4 dxe4 15. Ne5 Nxe5 16. fxe5 Qb8 17. Nc5 Bb5 18. Rf4 O-O 19. Nxe4 Rc8 20. Rxc8+ Qxc8 21. Nd6 Qc6 22. Rxf7 Qd5 23. Qg4 g6 24. Qh4 h5 25. Qf6 1-0

[Event "Late-Titled-Tuesday-Blitz-August-29-2023"]
[Site "Chess.com"]
[Date "2023.08.29"]
[Round "11"]
[White "alexrustemov"]
[Black "jaskol95"]
[Result "1-0"]
[WhiteElo "2867"]
[BlackElo "2579"]
[TimeControl "180+1"]
[EndTime "16:00:04 PDT"]
[Termination "alexrustemov won by resignation"]

1. d4 d5 2. c4 e5 3. dxe5 d4 4. Nf3 Nc6 5. a3 a5 6. g3 Nge7 7. Bg2 Ng6 8. O-O Ngxe5 9. Nbd2 Ng6 10. Nb3 Be6 11. Nfxd4 Nxd4 12. Nxd4 Bc8 13. Be3 Be7 14.
Qa4+ c6 15. Nxc6 bxc6 16. Qxc6+ Qd7 17. Rfd1 Qxc6 18. Bxc6+ Bd7 19. Bxa8 Ne5 20. Bd5 O-O 21. Bd4 Nc6 22. Bc3 Bc5 23. Rab1 a4 24. Bxc6 Bxc6 25. Bb4 1-0

[Event "Late-Titled-Tuesday-Blitz-August-29-2023"]
[Site "Chess.com"]
[Date "2023.08.29"]
[Round "11"]
[White "Zhigalko_Sergei"]
[Black "Sinquefield"]
[Result "1-0"]
[WhiteElo "2904"]
[BlackElo "2471"]
[TimeControl "180+1"]
[EndTime "16:00:13 PDT"]
[Termination "Zhigalko_Sergei won by resignation"]

1. e4 e6 2. d4 d5 3. e5 c5 4. c3 Nc6 5. Nf3 Nh6 6. Na3 Nf5 7. Nc2 Be7 8. Bd3 cxd4 9. cxd4 Qb6 10. O-O Bd7 11.
g4 Nh4 12. Nxh4 Bxh4 13. g5 h6 14. Qh5 Nxd4 15. Be3 g6 16. Qg4 Bxg5 17. Bxd4 Qd8 18. f4 Be7 19. Ne3 h5 20. Qg2 O-O 21. Bxg6 fxg6 22.
Qxg6+ Kh8 23. Qxh5+ Kg7 24. Kh1 Rg8 25. Rg1+ Kf8 26. Qh6+ Kf7 27. Qh7+ 1-0

[Event "Late-Titled-Tuesday-Blitz-August-29-2023"]
[Site "Chess.com"]
[Date "2023.08.29"]
[Round "11"]
[White "ExchangeAB"]
[Black "Michalczak"]
[Result "0-1"]
[WhiteElo "2437"]
[BlackElo "2517"]
[TimeControl "180+1"]
[EndTime "16:00:25 PDT"]
[Termination "Michalczak won by checkmate"]

1. d4 Nf6 2. Nc3 d5 3. Bf4 a6 4.
e3 Bf5 5. f3 e6 6. g4 Bg6 7. h4 h6 8. Bd3 Bxd3 9. Qxd3 c5 10. Nge2 c4 11. Qd2 Nc6 12. Kf2 Bd6 13. Bxd6 Qxd6 14.
Ng3 O-O-O 15. b3 Na5 16. Nce4 dxe4 17. Qxa5 exf3 18. bxc4 Nxg4+ 19. Kxf3 f5 20. Nh5 Qc6+ 21. d5 Qxc4 22. Nf4 Qe4+ 23. Ke2 Qxe3+ 24. Kd1 Nf2# 0-1

[Event "Late-Titled-Tuesday-Blitz-August-29-2023"]
[Site "Chess.com"]
[Date "2023.08.29"]
[Round "11"]
[White "Chessdreamer2020"]
[Black "Kostukov_Alex"]
[Result "1-0"]
[WhiteElo "2521"]
[BlackElo "2419"]
[TimeControl "180+1"]
[EndTime "16:00:28 PDT"]
[Termination "Chessdreamer2020 won by resignation"]

1. e4 c5 2. Nf3 g6 3. g3 Bg7 4.
Bg2 Nc6 5. O-O e5 6. Na3 Nge7 7. c3 O-O 8. Re1 d5 9. exd5 Nxd5 10. Nc4 Re8 11.
d3 Nb6 12. Nxb6 axb6 13. Ng5 h6 14. Ne4 f5 15. Nd2 Qxd3 16. Qb3+ Kh7 17. Qxb6 e4 18. Qxc5 Ne5 19. Qe3 Qc2 20. Nxe4 Ng4 21. Ng5+ hxg5 22.
Qxe8 Qd2 23. Bxd2 1-0

[Event "Late-Titled-Tuesday-Blitz-August-29-2023"]
[Site "Chess.com"]
[Date "2023.08.29"]
[Round "11"]
[White "Dhaydon19"]
[Black "Tejas_Rama"]
[Result "1-0"]
[WhiteElo "2677"]
[BlackElo "2555"]
[TimeControl "180+1"]
[EndTime "16:00:41 PDT"]
[Termination "Dhaydon19 won by resignation"]

1. d4 Nf6 2. Nc3 d5 3. Bf4 c5 4. e3 cxd4 5. exd4 a6 6. Nf3 Nc6 7. Bd3 Bg4 8. Ne2 Bxf3 9. gxf3 e6 10. c3 Bd6 11. Bg3 O-O 12. Qd2 e5 13. O-O-O exd4 14. cxd4 Nb4 15. Kb1 Re8 16. Nc3 Nxd3 17. Qxd3 b5 18.
Rhg1 Re6 19. Bh4 Be7 20. Qf5 g6 21. Bxf6 Rxf6 22. Qxd5 Rxf3 23. Qxf3 1-0

[Event "Late-Titled-Tuesday-Blitz-August-29-2023"]
[Site "Chess.com"]
[Date "2023.08.29"]
[Round "11"]
[White "Cipy77"]
[Black "viktorgen2021"]
[Result "1/2-1/2"]
[WhiteElo "2540"]
[BlackElo "2433"]
[TimeControl "180+1"]
[EndTime "16:00:51 PDT"]
[Termination "Game drawn by repetition"]

1. a3 g6 2. e4 Bg7 3. d4 d6 4. Nc3 Nf6 5. Nf3 O-O 6. Bc4 c6 7. O-O Bg4 8. h3 Bxf3 9. Qxf3 Nbd7 10. Bg5 e5 11. dxe5 dxe5 12. Rad1 Qc7 13. Rd2 Rad8 14. Rfd1 b5 15. Ba2 h6 16. Bh4 g5 17. Bg3 Nh7 18.
Qf5 Nhf6 19. Bxe5 Nxe5 20. Rxd8 Rxd8 21. Rxd8+ Qxd8 22. Qxe5 Qd2 23. Qe7 Qc1+ 24. Kh2 Qf4+ 25. Kg1 Qc1+ 26. Kh2 Qf4+ 27. Kg1 Qc1+ 1/2-1/2

[Event "Late-Titled-Tuesday-Blitz-August-29-2023"]
[Site "Chess.com"]
[Date "2023.08.29"]
[Round "11"]
[White "rdarruda"]
[Black "YEIKO2017"]
[Result "1-0"]
[WhiteElo "2590"]
[BlackElo "2472"]
[TimeControl "180+1"]
[EndTime "16:00:54 PDT"]
[Termination "rdarruda won by checkmate"]

1. d4 Nf6 2. Nf3 g6 3. Nc3 d5 4.
Bg5 Bg7 5. Bxf6 exf6 6. e3 f5 7. Ne2 c6 8. h4 h5 9. Nf4 Nd7 10. c4 Qa5+ 11. Qd2 Qxd2+ 12. Kxd2 dxc4 13. Bxc4 Nb6 14. Bb3 a5 15. a3 a4 16. Ba2 Ra5 17.
Rac1 Rb5 18. Rc2 Bh6 19. Nd3 Nd5 20. g3 Ra5 21. Rc5 Rxc5 22. Nxc5 b5 23. Rc1 O-O 24. Ne5 Re8 25. Ncd3 Bb7 26. Bxd5 cxd5 27. Rc7 Bc8 28.
Nxf7 Bf8 29. Nde5 b4 30. Nxg6 bxa3 31. bxa3 Bxa3 32. Nh6# 1-0

[Event "Late-Titled-Tuesday-Blitz-August-29-2023"]
[Site "Chess.com"]
[Date "2023.08.29"]
[Round "11"]
[White "Cambek64"]
[Black "Akhayan"]
[Result "0-1"]
[WhiteElo "2488"]
[BlackElo "2340"]
[TimeControl "180+1"]
[EndTime "16:01:10 PDT"]
[Termination "Akhayan won by resignation"]

1. e4 e5 2. Nf3 Nc6 3. Bb5 a6 4.
Ba4 Nf6 5. O-O Be7 6. Re1 b5 7. Bb3 O-O 8. c3 d5 9. exd5 Nxd5 10. Nxe5 Nxe5 11. Rxe5 Nf6 12. d4 Bd6 13. Re1 Ng4 14.
h3 Qh4 15. Qf3 Nxf2 16. Bd2 Ng4 17. hxg4 Bxg4 18. Qf2 Bg3 19. Qe3 Rae8 20. Qxg3 Qxg3 21.
Rxe8 Rxe8 22. Bd5 Re2 23. a4 Rxg2+ 24. Bxg2 Bf3 25. Kf1 Qxg2+ 0-1

[Event "Late-Titled-Tuesday-Blitz-August-29-2023"]
[Site "Chess.com"]
[Date "2023.08.29"]
[Round "11"]
[White "GoltsevDmitry2000"]
[Black "Der_Honigdachs"]
[Result "1-0"]
[WhiteElo "2638"]
[BlackElo "2528"]
[TimeControl "180+1"]
[EndTime "16:01:19 PDT"]
[Termination "GoltsevDmitry2000 won by resignation"]

1. e4 e6 2. d4 d5 3. exd5 exd5 4.
Nf3 Nf6 5. c4 Bb4+ 6. Nc3 O-O 7.
Be2 dxc4 8. Bxc4 Re8+ 9. Be3 Be6 10. Bxe6 Rxe6 11. O-O c6 12. Qb3 a5 13. a3 Bxc3 14. Qxb7 Bxb2 15. Qxa8 Bxa1 16. Rxa1 Re8 17. Ne5 Nd5 18.
Rb1 f6 19. Nxc6 Nxc6 20. Qxc6 Nxe3 21. fxe3 Rxe3 22. d5 Rd3 23. Re1 Kf7 24. Qb7+ Kg6 25. Qb1 Qxd5 26. Re3 Qd4 27. Qxd3+ 1-0

[Event "Late-Titled-Tuesday-Blitz-August-29-2023"]
[Site "Chess.com"]
[Date "2023.08.29"]
[Round "11"]
[White "jcreyes69"]
[Black "laskakid"]
[Result "1-0"]
[WhiteElo "2356"]
[BlackElo "2190"]
[TimeControl "180+1"]
[EndTime "16:01:31 PDT"]
[Termination "jcreyes69 won by resignation"]

1. e4 e5 2. Nf3 Nc6 3. Bb5 a6 4. Bxc6 dxc6 5. O-O Qf6 6. d4 exd4 7. Bg5 Qd6 8. Nxd4 Be7 9. Bxe7 Nxe7 10. Nc3 Bd7 11.
Nb3 O-O-O 12. Qe2 Ng6 13. Rad1 Qe5 14. Qc4 Be6 15. Qb4 b6 16. Qa4 Kb7 17. g3 Bg4 18. Rd4 Bf3 19. Rd3 Rxd3 20. cxd3 Qg5 21. Nd4 b5 22. Nxf3 Qf6 23. Qd1 h5 24. h4 b4 25.
Na4 Rd8 26. Nc5+ Kb6 27. d4 Ne7 28. Qb3 a5 29. a3 Ra8 30. Nd7+ 1-0

[Event "Late-Titled-Tuesday-Blitz-August-29-2023"]
[Site "Chess.com"]
[Date "2023.08.29"]
[Round "11"]
[White "FredddieCroderg"]
[Black "ChEsper99"]
[Result "1-0"]
[WhiteElo "2303"]
[BlackElo "2156"]
[TimeControl "180+1"]
[EndTime "16:01:35 PDT"]
[Termination "FredddieCroderg won on time"]

1. e4 c5 2. Bc4 e6 3. Qf3 Nc6 4. d3 Ne5 5. Qg3 Nxc4 6. dxc4 d6 7. Nc3 Nf6 8. Bg5 Be7 9. O-O-O O-O 10. Bxf6 Bxf6 11. Rxd6 Qa5 12. e5 Be7 13. Rd3 a6 14.
Ne4 Kh8 15. Nf3 Qxa2 16. Ra3 Qxc4 17. Re1 b5 18. Nfg5 h6 19. Qg4 Bxg5+ 20. f4 Be7 21. Rh3 f5 22. exf6 Bxf6 23. Qg6 Qd4 24. c3 Qd5 25. Rxh6+ gxh6 26. Nxf6 Rxf6 27. Qxf6+ Kg8 28. Re3 Qf5 29. Rg3+ 1-0

[Event "Late-Titled-Tuesday-Blitz-August-29-2023"]
[Site "Chess.com"]
[Date "2023.08.29"]
[Round "11"]
[White "WPWPWP-2015"]
[Black "Chessdemon2019"]
[Result "1-0"]
[WhiteElo "2578"]
[BlackElo "2409"]
[TimeControl "180+1"]
[EndTime "16:01:37 PDT"]
[Termination "WPWPWP-2015 won by resignation"]

1. e4 c5 2. Nf3 d6 3. d4 cxd4 4. Nxd4 Nf6 5. Nc3 a6 6. Bg5 Nbd7 7. f4 Qc7 8. Qe2 h6 9. Bh4 e6 10.
O-O-O Be7 11. g4 b5 12. Bg2 Bb7 13. Rhe1 b4 14. Nd5 Bxd5 15. exd5 e5 16. Nf5 Bd8 17.
Nxg7+ Kf8 18. Nf5 Rc8 19. fxe5 Nxe5 20. Kb1 Nfxg4 21. Bg3 Qd7 22. Nxd6 Qxd6 23. Qxg4 Nxg4 24. Bxd6+ Kg7 25. Bh3 Rc4 26. b3 Nf2 27. Rg1+ Kf6 28. Rdf1 Rf4 29. Bxf4 Nxh3 30. Bd6+ 1-0

[Event "Late-Titled-Tuesday-Blitz-August-29-2023"]
[Site "Chess.com"]
[Date "2023.08.29"]
[Round "11"]
[White "OparinGrigoriy"]
[Black "Firouzja2003"]
[Result "0-1"]
[WhiteElo "2983"]
[BlackElo "3127"]
[TimeControl "180+1"]
[EndTime "16:01:43 PDT"]
[Termination "Firouzja2003 won by resignation"]

1. d4 Nf6 2. c4 e6 3. Nc3 d5 4. cxd5 exd5 5. Bg5 c6 6. e3 h6 7. Bh4 Be7 8. Qc2 O-O 9. Bg3 Re8 10.
h3 c5 11. Nf3 Nc6 12. Rd1 Ne4 13. Be5 Bf5 14. Qa4 c4 15. Bh2 a6 16. Rc1 b5 17.
Qd1 Nxc3 18. bxc3 Ba3 19. Be2 Bxc1 20. Qxc1 b4 21. O-O Qa5 22. cxb4 Qxa2 23. Re1 Nxb4 24. Ne5 Nd3 25. Bxd3 cxd3 26. Qc7 Rf8 27. Bf4 Rac8 28. Qd6 d2 29. Rd1 Rc1 30. Kh2 Rxd1 31. Bxh6 Rh1+ 32.
Kg3 d1=Q 0-1

[Event "Late-Titled-Tuesday-Blitz-August-29-2023"]
[Site "Chess.com"]
[Date "2023.08.29"]
[Round "11"]
[White "BozeKat"]
[Black "grzechu96"]
[Result "0-1"]
[WhiteElo "2116"]
[BlackElo "2631"]
[TimeControl "180+1"]
[EndTime "16:01:43 PDT"]
[Termination "grzechu96 won by resignation"]

1. c4 e5 2. g3 Nf6 3. Bg2 d5 4.
cxd5 Nxd5 5. Nf3 Nc6 6. O-O Nb6 7. d3 Be7 8. Nc3 O-O 9. a4 a5 10. Be3 Re8 11. Rc1 Bf8 12. Nd2 Nd4 13. Nc4 c6 14. Nxe5 Rxe5 15. Bxd4 Qxd4 16. e3 Qb4 17. d4 Re8 18. b3 Be6 19. Qh5 g6 20. Qf3 Rad8 21. Ne4 Be7 22. h4 Bd5 23. Nf6+ Bxf6 24. Qxf6 Bxg2 25.
Kxg2 Nd5 26. Qf3 h5 27. e4 Nb6 28. Rc4 Nxc4 29. bxc4 Qxc4 30. Rd1 Rxd4 31. Rb1 Rd7 32. Qe2 Qxe2 0-1